 Dungeon Crawl Stone Soup version 0.32-a0-685-g93135e86f0 (webtiles) character file.

Game seed: 5521387061755619180

1263 Goblin1989 the Changeling (level 8, 0/54 HPs)
             Began as a Demonspawn Shapeshifter on Mar 12, 2024.
             Slain by an orc warrior
             ... wielding a +0 dire flail
              (22 damage)
             ... on level 6 of the Dungeon.
             The game lasted 00:11:34 (4315 turns).

Goblin1989 the Changeling (Demonspawn Shapeshifter) Turns: 4315, Time: 00:11:34

Health: 0/54       AC:  4    Str: 17    XL:     8   Next: 27%
Magic:  8/8        EV: 12    Int: 13    God:
Gold:   271        SH:  0    Dex: 13    Spells: 7/7 levels left

rFire   . .          .
                       - Unarmed
rCold   . . .        (no shield)
rNeg    . . .        s - +1 troll leather armour "Moukolat" {Regen+ Int+3}
rPois   .            (helmet currently unavailable)
rElec   .            (cloak currently unavailable)
rCorr   .            (gloves currently unavailable)
SInv    .            (boots currently unavailable)
Will    .....        H - amulet of the acrobat
Stlth   ++           (no ring)
HPRegen 3.09/turn    (no ring)
MPRegen 0.11/turn

%: acrobat
@: beast-form, wreathed by umbra
A: beast (slay +3), horns 1, powered by death 1, weakness stinger 1, demonic
touch 2, foul shadow 1
a: Begin Untransformation, Convert to Beogh


You were on level 6 of the Dungeon.
You were a hulking beast.
You visited 1 branch of the dungeon, and saw 6 of its levels.

You collected 271 gold pieces.

Inventory:

Hand Weapons
 B - the +4 mace of Fee Simple {heavy, rF+ Int+2 Dex+4}
   (You found it on level 5 of the Dungeon)

   Int+2:     It affects your intelligence (+2).
   Dex+4:     It affects your dexterity (+4).
   rF+:       It protects you from fire.
Missiles
 k - 32 stones (quivered)
 z - a throwing net {!d , @Q1}
Armour
 f - a +0 helmet
 s - the +1 troll leather armour "Moukolat" (worn) {Regen+ Int+3}
   (You found it on level 3 of the Dungeon)

   Int+3:     It affects your intelligence (+3).
   Regen+:    It increases your rate of health regeneration.
 x - a +0 pair of gloves
 D - a +0 cloak
Jewellery
 F - an amulet of faith {!P}
 H - an amulet of the acrobat (around neck)
Talismans
 c - a beast talisman (active)
 d - a flux talisman
Wands
 r - a wand of paralysis (11) {@v2}
 E - a wand of digging (4) {@v3}
Scrolls
 e - a scroll of torment {unknown}
 h - 3 scrolls of poison {unknown}
 i - 2 scrolls of blinking {unknown}
 j - 2 scrolls of enchant weapon {unknown}
 l - 7 scrolls of identify {unknown}
 t - 2 scrolls of silence {unknown}
 w - 2 scrolls of teleportation {unknown}
 y - 2 scrolls of fog {unknown}
 C - a scroll of enchant armour {unknown}
Potions
 n - 2 potions of lignification
 o - a potion of magic {unknown}
 p - a potion of invisibility {unknown}
 q - 2 potions of degeneration {unknown}
 u - 2 potions of curing {unknown}
 v - a potion of heal wounds {@q2}
 A - a potion of mutation {unknown}
 G - a potion of cancellation {unknown}


   Skills:
 - Level 1.0 Fighting
 + Level 2.9 Dodging
 - Level 3.0 Stealth
 + Level 5.6 Unarmed Combat
 * Level 6.6 Shapeshifting


You had 7 spell levels left.
You didn't know any spells.
Your spell library contained the following spells:

 Spells                   Type           Power      Damage    Failure   Level
 Tukima's Dance           Hex            0%         N/A       75%         3
 Passage of Golubria      Tloc           0%         N/A       98%         4
 Yara's Violent Unravell  Hex/Alch       0%         3d3       100%        5


Dungeon Overview and Level Annotations

Branches:
Dungeon (6/15) Zot: 26964
 Temple: D:4-7

Altars:
Ashenzari
Nemelex Xobeh
Wu Jian


Innate Abilities, Weirdness & Mutations

You are a hulking beast.
Your limbs bulge with bestial killing power. (Slay +3)
You have a pair of small horns on your head.
You regenerate a little health from kills.
You have a small tail.
Your touch may inflict irresistible damage on your foes.
You are faintly shadowed, very rarely releasing foul flame when damaged in melee.


Message History

Press: ? - help, Shift-Dir - straight line A translucent rock wall.
This square is wreathed by an umbra.
The rock shatters into small pieces.
The ball python hisses angrily.
The ball python misses you. The ball python barely misses you.
The ball python bites you. The ball python grabs you.
The ball python constricts you. The ball python bites you.
The ball python constricts you.
You see here 14 gold pieces.
You take 5 damage, and have 49/54 hp.
The ball python's grasp on you weakens, but your attempt to escape fails.
The ball python bites you but does no damage.
The ball python constricts you.
You hit the ball python.
You kill the ball python!
You regained 2 hp, and now have 51/54 hp.
l - 7 scrolls labelled WAKHLIN GALARUXTE (gained 1)
You see here a ball python corpse.
Health restored: 54 You see here a +0 hand axe.
k - 32 stones (gained 2)
You now have 246 gold pieces (gained 14).
You now have 257 gold pieces (gained 11).
G - a bubbling sapphire potion
H - an amulet of the acrobat You now have 271 gold pieces (gained 14).
You start putting on your amulet.
You continue putting on your amulet of the acrobat. x5
You finish putting on your amulet of the acrobat.
You feel ready to tumble and roll out of harm's way.
H - an amulet of the acrobat (around neck)
There is a stone staircase leading down here.
You climb downwards.
There is a stone staircase leading up here.
Things that are here:
a +0 giant spiked club; an ogre corpse Done exploring.
Done exploring.
Done exploring.
There is a stone staircase leading down here.
You climb downwards.
There is a stone staircase leading up here.
A wight comes into view. It is wielding a +0 dire flail.
You see here 15 gold pieces.
A wight is nearby!
You see here 8 gold pieces.
A wight comes into view. It is wielding a +0 dire flail.
A wight comes into view. It is wielding a +6 dagger.
You hit the wight but do no damage. You headbutt the wight.
The wight is lightly damaged.
You hit the wight.
You headbutt the wight, but do no damage.
You tail-slap the wight.
You touch the wight!
You destroy the wight!
Things that are here:
5 gold pieces; a +0 dire flail; a +0 robe An orc warrior comes into view.
It is wielding a +0 dire flail.
The orc warrior shouts!
An orc comes into view. It is wielding a +0 dagger.
An orc wizard comes into view.
It is wielding a +2 dagger of electrocution.
The orc shouts!
You hit the wight.
The wight is lightly damaged.
You hear a shout!
An orc priest comes into view. It is wielding a +0 dagger.
The wight hits you with a +0 dire flail.
You feel drained.
You take 5 damage, and have 49/53 hp.
You closely miss the wight.
You headbutt the wight, but do no damage.
Your tail-slap misses the wight.
The wight is lightly damaged.
The wight closely misses you.
You barely miss the wight. Your touch misses the wight.
The wight is lightly damaged.
The wight hits you with a +6 dagger! The wight barely misses you.
An orc wizard comes into view. It is wielding a +0 dagger.
You take 7 damage, and have 42/53 hp.
The orc wizard shouts!
You hit the wight. You headbutt the wight!
You touch the wight.
You destroy the wight!
The wight hits you with a +6 dagger!
An iguana comes into view.
Your life force feels restored.
You hit the wight. You tail-slap the wight.
The wight is heavily damaged.
The wight closely misses you.
You closely miss the wight.
You touch the wight.
You punch the wight.
You destroy the wight!
The orc warrior barely misses you.
You take 2 damage, and have 40/54 hp.
You hit the orc warrior.
Your tail-slap misses the orc warrior.
You touch the orc warrior!
The orc warrior is heavily wounded.
The orc wizard hits you with a +2 dagger of electrocution.
You are electrocuted!
* * * LOW HITPOINT WARNING * * *
The orc warrior hits you with a +0 dire flail!!
You die...

█...█.....█
█▲█
█.█....████
█...████
██.█$██
█.$..████
█.......▲
█....████
█$█.██


█h███ █..oo....█ █.██o███.█ █ █.█ █.█ █o█ █l█ o.. You could see an orc warrior,
an iguana, an orc priest, 2 orc wizards and an orc.

Vanquished Creatures
  Sigmund (D:4)
  An ice beast (D:5)
  A phantom (D:4)
  5 ogres
  3 wights (D:6)
  A jelly (D:4)
  A hound (D:5)
  Natasha (thrice) (D:2)
  Terence (D:2)
  An orc wizard (D:5)
  Robin (D:2)
  3 gnolls
  5 adders
  5 dart slugs
  A ribbon worm (D:3)
  4 orcs
  10 endoplasms
  5 giant cockroaches
  13 goblins
  8 hobgoblins
  5 jackals
  4 quokkas
  9 ball pythons
  3 bats
  5 frilled lizards
  6 kobolds
  4 rats
109 creatures vanquished.

Notes
Turn   | Place    | Note
-------+----------+-------------------------------------------
     0 | D:1      | Goblin1989 the Demonspawn Shapeshifter began the quest for
                  | the Orb.
     0 | D:1      | Reached XP level 1. HP: 15/15 MP: 1/1
   226 | D:1      | Gained mutation: You regenerate a little health from kills.
                  | [demonic ancestry]
   226 | D:1      | Reached XP level 2. HP: 21/21 MP: 2/2
   269 | D:1      | Reached skill level 3 in Shapeshifting
  1080 | D:2      | Noticed Robin
  1090 | D:2      | Gained mutation: You are faintly shadowed, very rarely
                  | releasing foul flame when damaged in melee. [demonic
                  | ancestry]
  1090 | D:2      | Reached XP level 3. HP: 22/26 MP: 3/3
  1228 | D:2      | Killed Robin
  1302 | D:2      | Discovered your monstrous ancestry.
  1302 | D:2      | Gained mutation: You have a pair of small horns on your
                  | head. [demonic ancestry]
  1302 | D:2      | Reached XP level 4. HP: 32/32 MP: 4/4
  1309 | D:2      | Noticed Terence
  1321 | D:2      | Killed Terence
  1322 | D:2      | Reached skill level 1 in Stealth
  1421 | D:2      | Noticed Natasha
  1442 | D:2      | Killed Natasha
  1443 | D:2      | Gained mutation: Your touch may inflict minor irresistible
                  | damage on your foes. [demonic ancestry]
  1443 | D:2      | Reached XP level 5. HP: 14/37 MP: 5/5
  1446 | D:2      | Noticed Natasha
  1540 | D:2      | Killed Natasha
  1541 | D:2      | Reached skill level 4 in Shapeshifting
  1581 | D:2      | Noticed Natasha
  1591 | D:2      | Killed Natasha
  2101 | D:3      | Found an ornate altar of the Wu Jian Council.
  2115 | D:3      | Identified the +1 troll leather armour "Moukolat" {Regen+
                  | Int+3}
  2792 | D:4      | Noticed an ogre
  2881 | D:4      | Noticed an ogre
  2957 | D:4      | Noticed Sigmund
  2964 | D:4      | Killed Sigmund
  2965 | D:4      | Reached XP level 6. HP: 43/43 MP: 6/6
  2977 | D:4      | Reached skill level 5 in Shapeshifting
  2985 | D:4      | Gained mutation: Your touch may inflict irresistible damage
                  | on your foes. [demonic ancestry]
  2985 | D:4      | Reached XP level 7. HP: 48/48 MP: 7/7
  3012 | D:4      | Found a sparkling altar of Nemelex Xobeh.
  3125 | D:4      | Reached skill level 5 in Unarmed Combat
  3622 | D:5      | Entered Level 5 of the Dungeon
  3728 | D:5      | Identified the +4 mace of Fee Simple {heavy, rF+ Int+2
                  | Dex+4}
  3765 | D:5      | Found a broken altar of Ashenzari.
  3791 | D:5      | Reached skill level 6 in Shapeshifting
  4138 | D:5      | Gained mutation: You have a small tail. [demonic ancestry]
  4138 | D:5      | Reached XP level 8. HP: 46/54 MP: 8/8
  4315 | D:6      | Slain by an orc warrior

Illustrated notes

Levels and vault maps discovered:
D:1:      wheals_arrival_shading, layout_basic
D:2:      layout_basic, st_stairs_11, uniq_terence, uniq_robin, uniq_natasha
D:3:      layout_basic, old_standard_altar, nrook_uturn
D:4:      layout_basic, lemuel_round_altar, due_unseen_surprise, uniq_sigmund
D:5:      layout_basic, mainiacjoe_overflow_concentric_impassable
D:6:      layout_loops_corners, minmay_temple_entry_fiery, uniq_pikel

Skill      XL: |  1  2  3  4  5  6  7 |
---------------+----------------------+-----
Unarmed Combat | 3 4 5 |  5.6
Shapeshifting  | 3 4 5 6 |  6.6
Stealth        | 1 2 3 |  3.0
Dodging        | 2 |  2.9
Fighting       | |  1.0

Action                     |  1- 3 |  4- 6 |  7- 9 || total
---------------------------+-------+-------+-------++-------
  Melee: Unarmed           |   132 |    93 |    59 ||   284
         Headbutt          |       |    13 |    11 ||    24
         Touch             |       |    12 |    10 ||    22
         Punch             |       |     2 |     5 ||     7
         Tailslap          |       |       |     3 ||     3
  Evoke: Wand              |       |       |     1 ||     1
    Use: Potion            |     1 |     2 |       ||     3
   Stab: Sleeping          |       |     4 |     4 ||     8
 Armour: Animal skin       |    50 |    31 |       ||    81
         Skin              |     1 |     4 |       ||     5
         Troll leather arm |       |    16 |    30 ||    46
  Dodge: Dodged            |    72 |    66 |    34 ||   172

Table legend: (Time is in decaauts)
 A = Elapsed time spent in this place.
 B = Non-inter-level travel time spent in this place.
 C = Inter-level travel time spent in this place.
 D = Time resting spent in this place.
 E = Time spent auto-exploring this place.
 F = Levels seen in this place.
 G = Mean time per level.
                   A        B        C        D        E       F      G
               +--------+--------+--------+--------+--------+-----+--------+
         Total |   4299 |   3866 |    433 |    276 |   2696 |   6 |  716.5 |
       Dungeon |   4299 |   3866 |    433 |    276 |   2696 |   6 |  716.5 |
               +--------+--------+--------+--------+--------+-----+--------+

Top non-repeatable levels by time:
     D:1: 1380 daAuts
     D:3: 997 daAuts
     D:2: 704 daAuts
     D:5: 618 daAuts
     D:4: 563 daAuts
     D:6: 34 daAuts
